 Dungeon Crawl Stone Soup version 0.19.0-18-g426998a (webtiles) character file.

109 Monsterracer the Chopper (level 4, -6/39 HPs)
             Began as a Minotaur Monk on Nov 11, 2016.
             Mangled by Ijyb
             ... wielding a +2 dagger of electrocution
              (19 damage)
             ... on level 2 of the Dungeon.
             The game lasted 00:02:37 (1941 turns).

Monsterracer the Chopper (Minotaur Monk)            Turns: 1941, Time: 00:02:37

Health: -6/39      AC:  2    Str: 15    XL:     4   Next: 59%
Magic:  2/2        EV: 13    Int:  7    God:
Gold:   114        SH:  5    Dex: 14    Spells: 0 memorised, 3 levels left

rFire  . . .     SeeInvis .     a - +0 hand axe
rCold  + . .     Gourm    .     b - +0 robe
rNeg   . . .     Faith    .     (no shield)
rPois  +         Spirit   .     (helmet restricted)
rElec  .         Reflect  +     (no cloak)
rCorr  .         Harm     .     (no gloves)
MR     .....                    (no boots)
Stlth  ++........               e - +5 amulet of reflection
                                (no ring)
                                (no ring)

@: no status effects
A: retaliatory headbutt, horns 2, cold resistance 1, low mp 1, poison resistance
a: no special abilities


You were on level 2 of the Dungeon.
You were not hungry.

You visited 1 branch of the dungeon, and saw 2 of its levels.

You collected 114 gold pieces.

Inventory:

Hand Weapons
 a - a +0 hand axe (weapon)
Armour
 b - a +0 robe (worn)
Jewellery
 e - a +5 amulet of reflection (around neck)
Scrolls
 d - 3 scrolls of identify {unknown}
 f - a scroll of magic mapping {unknown}
 g - a scroll of random uselessness {unknown}
 h - a scroll of remove curse {unknown}
Comestibles
 c - 2 bread rations
 i - a chunk of flesh


   Skills:
 - Level 3.6 Fighting
 * Level 6.5 Axes
 - Level 3.2 Dodging
 - Level 1.5 Stealth


You had 3 spell levels left.
You didn't know any spells.

Dungeon Overview and Level Annotations

Branches:
Dungeon (2/15)

Altars:

Annotations:
D:2 Ijyb, Natasha


Innate Abilities, Weirdness & Mutations

You reflexively headbutt those who attack you in melee.
You have a pair of horns on your head.
Your flesh is cold resistant. (rC+)
Your magical capacity is low. (-10% MP)
Your system is resistant to poisons. (rPois)


Message History

You block Ijyb's attack.
You hit Ijyb but do no damage.
Ijyb is severely wounded.
Ijyb hits you but does no damage.
You hit Ijyb. You headbutt Ijyb, but do no damage.
Ijyb is severely wounded.
Ijyb misses you. You furiously retaliate!
You headbutt Ijyb, but do no damage. You hit Ijyb but do no damage.
Your headbutt misses Ijyb.
Ijyb is severely wounded.
Ijyb hits you but does no damage.
Natasha, Servant of Life and Death comes into view.
You aren't carrying any potions.
You barely miss Ijyb.
Ijyb is severely wounded.
Natasha moves out of view.
Ijyb hits you with a dagger of electrocution.
You barely miss Ijyb. Your headbutt misses Ijyb.
Ijyb is severely wounded.
Ijyb hits you but does no damage.
You are electrocuted!
You die...

### ..# # #.# # ###.## #
....##### #
######......### #
#.......%.....# #
#.............#
#...@...#'#...# ###
#.....g..#.#.....# #..
#........#.#.....# #..
#........#.#.....#####..
#<.......#.#............
#........#.#....##.##.##
############.##.##....##
#............
#............


You could see Ijyb.

Vanquished Creatures
  Natasha (twice) (D:2)
  An adder (D:2)
  2 worms (D:2)
  A dart slug (D:1)
  2 leopard geckos (D:2)
  A giant cockroach (D:1)
  9 goblins
  4 hobgoblins (D:1)
  5 kobolds
  7 bats
  2 frilled lizards (D:1)
  8 rats
44 creatures vanquished.

Notes
Turn   | Place    | Note
-------+----------+-------------------------------------------
     0 | D:1      | Monsterracer the Minotaur Monk began the quest for the Orb.
     0 | D:1      | Reached XP level 1. HP: 19/19 MP: 0/0
    47 | D:1      | Reached skill level 4 in Axes
   221 | D:1      | Reached XP level 2. HP: 26/26 MP: 1/1
   837 | D:1      | Gained mutation: Your magical capacity is low. (-10% MP) [potion of mutation]
   837 | D:1      | Gained mutation: Your flesh is cold resistant. (rC+) [potion of mutation]
   837 | D:1      | Gained mutation: Your system is resistant to poisons. (rPois) [potion of mutation]
  1108 | D:1      | You fall through a shaft!
  1118 | D:2      | Reached skill level 5 in Axes
  1118 | D:2      | Reached XP level 3. HP: 27/31 MP: 1/1
  1605 | D:2      | Noticed Natasha
  1611 | D:2      | Killed Natasha
  1611 | D:2      | Reached XP level 4. HP: 34/39 MP: 2/2
  1652 | D:2      | Reached skill level 6 in Axes
  1914 | D:2      | Noticed Natasha
  1916 | D:2      | Killed Natasha
  1918 | D:2      | Noticed Ijyb
  1940 | D:2      | Noticed Natasha
  1941 | D:2      | Mangled by Ijyb

Skill      XL: |  1  2  3  4 |
---------------+-------------+-----
Axes           | 4 5 6 |  6.5
Fighting       | |  3.6
Dodging        | |  3.2
Stealth        | |  1.5

Action                   |  1- 3 |  4- 6 || total
-------------------------+-------+-------++-------
Melee: Hand axe          |    74 |    37 ||   111
       Headbutt          |    16 |     5 ||    21
  Use: Potion            |     1 |       ||     1
 Stab: Sleeping          |     3 |     3 ||     6
       Distracted        |     1 |       ||     1
  Eat: Chunk             |     1 |     2 ||     3
Armor: Robe              |    10 |     3 ||    13
Dodge: Dodged            |    30 |    13 ||    43
Block: Other             |    16 |     6 ||    22
